 Dungeon Crawl Stone Soup version 0.24.0-35-gdb84b6a5db (webtiles) character file.

Game seed: 4126955534801329123, levelgen mode: deterministic

55 Nattfarinn the Changer (level 3, -2/26 HPs)
             Began as a Merfolk Transmuter on Nov 18, 2019.
             Slain by a gnoll
             ... wielding a +0 spear
              (11 damage)
             ... on level 2 of the Dungeon.
             The game lasted 00:02:29 (1370 turns).

Nattfarinn the Changer (Merfolk Transmuter)         Turns: 1370, Time: 00:02:29

Health: -2/26      AC:  2    Str: 11    XL:     3   Next: 93%
Magic:  4/6        EV: 21    Int: 12    God:
Gold:   73         SH:  0    Dex: 19    Spells: 2/6 levels left

rFire    . . .     SeeInvis .     - Unarmed
rCold    . . .     Gourm    .   (shield currently unavailable)
rNeg     . . .     Faith    .   (armour currently unavailable)
rPois    x         Spirit   .   (helmet currently unavailable)
rElec    .         Reflect  .   (cloak currently unavailable)
rCorr    .         Harm     .   (gloves currently unavailable)
MR       .....                  (boots currently unavailable)
Stlth    ++........             (no amulet)
HPRegen  0.08/turn              (no ring)
MPRegen  0.10/turn              (no ring)

@: spider-form (expiring)
A: tiny, (change form in water), (swift swim), (stealthy swim)
a: End Transformation


You were on level 2 of the Dungeon.
You were not hungry.
You were a venomous arachnid creature.
You visited 1 branch of the dungeon, and saw 2 of its levels.

You collected 73 gold pieces.

Inventory:

Missiles
 a - 34 arrows
Armour
 b - a +0 robe (melded)
Scrolls
 e - a scroll of remove curse {unknown}
 g - a scroll of blinking {unknown}
 h - a scroll of identify {unknown}
 j - a scroll of fog {unknown}
Potions
 c - a potion of ambrosia {unknown}
 i - a potion of mutation {unknown}
 k - a potion of heal wounds {unknown}
Comestibles
 d - 4 rations
 f - a chunk of flesh


   Skills:
 - Level 1.1 Fighting
 - Level 2.6 Dodging
 - Level 3.2 Unarmed Combat
 - Level 2.0 Spellcasting
 * Level 5.5 Transmutations


You had 2 spell levels left.
You knew the following spells:

 Your Spells              Type           Power        Failure   Level  Hunger
a - Beastly Appendage     Tmut           ##....       10%         1    ##.....
b - Spider Form           Tmut/Pois      #.........   47%         3    ####...

Your spell library contained the following spells:

 Spells                   Type           Power        Failure   Level  Hunger
 Sticks to Snakes         Tmut           ##......     13%         2    ###....
 Blade Hands              Tmut           ##........   80%         5    ######.
 Ice Form                 Ice/Tmut       #.......     83%         4    #####..


Dungeon Overview and Level Annotations

Branches:
Dungeon (2/15)

Altars:


Message History

You hit the gnoll.
The gnoll looks as sick as possible!
The gnoll is almost dead.
The gnoll misses you.
You bite the gnoll!
You kill the gnoll!
Your Transmutations skill increases to level 5!
The gnoll completely misses you.
You hit the gnoll.
The gnoll is poisoned.
The gnoll is lightly wounded.
The gnoll completely misses you.
The gnoll hits you from afar with a +0 spear.
You hit the gnoll.
The gnoll looks as sick as possible!
The gnoll is severely wounded.
The gnoll closely misses you. The gnoll hits you but does no damage.
You kill the gnoll!
There is a stone staircase leading up here.
Unknown command.
The gnoll barely misses you.
The gnoll hits you from afar with a +0 spear!
You die...

#.. .#.# .#
#..##.#.##.#
#..[........
###...........
#.....$.......
##.#.#.........
............>.#
...#.#...#
......ggs#
......)..#
.)...#...#
....#....#
(..##.##.# .##
.. #.# #># #..
#. ###


You could see 2 gnolls.

Vanquished Creatures
  2 gnolls (D:2)
  A leopard gecko (D:1)
  5 bats (D:1)
  3 giant cockroaches (D:1)
  5 goblins (D:1)
  7 hobgoblins (D:1)
  A ball python (D:1)
  2 frilled lizards (D:1)
  4 kobolds (D:1)
  2 rats (D:1)
32 creatures vanquished.

Notes
Turn   | Place    | Note
-------+----------+-------------------------------------------
     0 | D:1      | Nattfarinn the Merfolk Transmuter began the quest for the
                  | Orb.
     0 | D:1      | Reached XP level 1. HP: 15/15 MP: 3/3
   139 | D:1      | Reached skill level 3 in Transmutations
   319 | D:1      | Reached XP level 2. HP: 20/21 MP: 3/5
   505 | D:1      | Reached skill level 4 in Transmutations
   849 | D:1      | Reached XP level 3. HP: 23/26 MP: 6/6
  1101 | D:1      | Learned a level 3 spell: Spider Form
  1366 | D:2      | Reached skill level 5 in Transmutations
  1370 | D:2      | Slain by a gnoll

Levels and vault maps discovered:
D:1:      wheals_arrival_linesprint, layout_loops_ring
D:2:      layout_rooms, led_sif_pool, serial_co_window_serial,
          co_window_corner_a, co_window_corner_a, co_window_paths_b,
          co_window_of_opportunity_a, co_window_paths_a,
          co_window_of_opportunity_c, co_window_paths_c,
          co_window_unsneaky_path_a, co_window_of_opportunity_b,
          co_window_corner_ca, glass_columns_a, glass_columns_b,
          glass_columns_b, minmay_diced_spiral, uniq_natasha, uniq_sigmund

Skill      XL: |  1  2  3 |
---------------+----------+-----
Transmutations | 3 4 5 |  5.5
Fighting       | |  1.1
Dodging        | |  2.6
Unarmed Combat | |  3.2
Spellcasting   | |  2.0

Action                   || total
-------------------------++-------
Melee: Unarmed           ||   101
       Headbutt          ||     9
 Cast: Beastly Appendage ||    17
       Spider Form       ||     1
 Stab: Sleeping          ||     1
  Eat: Chunk             ||     2
Armor: Robe              ||    23
Dodge: Dodged            ||    79
